 Dungeon Crawl Stone Soup version 0.31.0-32-g396128a36d (webtiles) character file.

Game seed: 12424996872276628802

219 Silvore the Cudgeller (level 5, 0/44 (47) HPs)
             Began as a Minotaur Fighter on Mar 13, 2024.
             Slain by a wight
             ... wielding a +0 flail
              (7 damage)
             ... on level 6 of the Dungeon.
             The game lasted 00:02:13 (1460 turns).

Silvore the Cudgeller (Minotaur Fighter)            Turns: 1460, Time: 00:02:13

HP:   0/44 (47)     AC:  7    Str: 22    XL:     5   Next: 63%
MP:   4/4           EV: 10    Int:  5    God:
Gold: 198           SH:  4    Dex: 10    Spells: 4/4 levels left

rFire   . . .        a - +1 flail (venom)
rCold   . . .        c - +0 buckler
rNeg    . . .        b - +0 scale mail
rPois   .            (helmet restricted)
rElec   .            (no cloak)
rCorr   .            (no gloves)
SInv    .            (no boots)
Will    .....        (no amulet) Stlth
                     (no ring)
HPRegen 0.27/turn    (no ring)
MPRegen 0.09/turn

%: no passive effects
@: mighty, drained
A: horns 2, retaliatory headbutt
a: no special abilities


You were on level 6 of the Dungeon.
You visited 1 branch of the dungeon, and saw 4 of its levels.

You collected 198 gold pieces.

Inventory:

Hand Weapons
 a - a +1 flail of venom (weapon)
Armour
 b - a +0 scale mail (worn)
 c - a +0 buckler (worn)
Jewellery
 j - a +5 ring of evasion
Potions
 e - 2 potions of resistance {unknown}
 f - a potion of cancellation {unknown}
 g - a potion of magic {unknown}
 i - a potion of mutation {unknown}
 l - a potion of heal wounds {unknown}


   Skills:
 + Level 4.3 Fighting
 + Level 5.0 Maces & Flails
 + Level 4.5 Armour
 + Level 1.9 Dodging
 + Level 4.4 Shields


You had 4 spell levels left.
You didn't know any spells.
Your spell library contained the following spells:

 Spells                   Type           Power      Damage    Failure   Level
 Apportation              Tloc           0%         N/A       86%         1
 Necrotise                Necr           0%         1d4       86%         1
 Sting                    Conj/Alch      0%         1d3       86%         1
 Summon Small Mammal      Summ           0%         N/A       86%         1


Dungeon Overview and Level Annotations

Branches:
Dungeon (3/15)

Altars:

Shops:
D:2 (


Innate Abilities, Weirdness & Mutations

You have a pair of horns on your head.
You reflexively headbutt those who attack you in melee.


Message History

You closely miss Edmund. Your headbutt misses Edmund.
Edmund is almost dead.
You kill Edmund!
Your Maces & Flails skill increases to level 5!
You have reached level 5!
You now have 198 gold pieces (gained 10).
Things that are here:
a +0 dire flail of protection; a +0 leather armour; the human corpse of Edmund
Found 7 gold pieces.
Found 2 lumpy green potions.
A wight comes into view. It is wielding a +0 flail.
You see here 13 gold pieces.
Found 18 gold pieces.
A wight comes into view. It is wielding a +5 short sword.
Found a weird glowing staff.
The wight hits you but does no damage.
A wight comes into view. It is wielding a +2 war axe.
You sock the wight! Your headbutt misses the wight.
The wight is heavily damaged.
The wight hits you with a +0 flail.
You barely miss the wight.
The wight is heavily damaged.
You block the wight's attack.
The wight hits you with a +5 short sword.
The wight hits you but does no damage. The wight hits you with a +0 flail.
You feel drained.
You hit the wight. Your headbutt misses the wight.
The wight is moderately damaged.
The wight barely misses you.
The wight hits you with a +5 short sword!
You feel drained.
You closely miss the wight.
The wight is moderately damaged.
The wight hits you with a +0 flail.
* * * LOW HITPOINT WARNING * * *
The wight hits you but does no damage. The wight hits you with a +2 war axe.
* * * LOW HITPOINT WARNING * * *
You completely miss the wight.
The wight is heavily damaged.
The wight hits you with a +0 flail!
You die...

##. ... ..##..
####.#...
.#.....^.##
.......... ..
..!...... ...
.$....zz######$.#
.......@z.#.....#
.|#.............#
##..........###
#.[.....$.....#
...............##
#.#.............#..
# ##...............
##..(....).......
#................


You could see 3 wights.

Vanquished Creatures
  Edmund (D:6)
  3 gnolls (D:2)
  2 adders
  2 ribbon worms (D:2)
  2 dart slugs
  2 endoplasms
  2 giant cockroaches
  7 hobgoblins
  3 jackals (D:1)
  4 quokkas
  6 ball pythons
  4 bats
  6 frilled lizards
  A goblin (D:1)
  8 kobolds
  6 rats
59 creatures vanquished.

Notes
Turn   | Place    | Note
-------+----------+-------------------------------------------
     0 | D:1      | Silvore the Minotaur Fighter began the quest for the Orb.
     0 | D:1      | Reached XP level 1. HP: 19/19 MP: 0/0
    82 | D:1      | Reached XP level 2. HP: 24/27 MP: 1/1
   308 | D:1      | Reached XP level 3. HP: 29/33 MP: 2/2
   684 | D:2      | Found Lorocen's Weapon Emporium.
   788 | D:2      | Reached skill level 3 in Maces & Flails
   798 | D:2      | Reached skill level 1 in Dodging
   932 | D:2      | Reached XP level 4. HP: 40/40 MP: 3/3
  1292 | D:3      | Reached skill level 4 in Maces & Flails
  1433 | D:3      | You fall into a shaft and drop 3 floors!
  1436 | D:6      | Noticed Edmund
  1446 | D:6      | Killed Edmund
  1447 | D:6      | Reached skill level 5 in Maces & Flails
  1447 | D:6      | Reached XP level 5. HP: 37/47 MP: 4/4
  1460 | D:6      | Slain by a wight

Illustrated notes

Levels and vault maps discovered:
D:1:      giann_wishing_wells, layout_rooms, serial_forest,
          infiniplex_forest_clump_long, infiniplex_forest_lined_room_2,
          infiniplex_forest_lined_4_way, infiniplex_forest_straight_1,
          infiniplex_forest_clump_tiny, infiniplex_forest_end_2,
          infiniplex_forest_straight_5, infiniplex_forest_clump_long,
          infiniplex_forest_straight_1
D:2:      layout_rooms, serial_shops, shop
D:3:      layout_basic, grunt_ministairs_6
D:6:      layout_cave_pools, serial_shops, nicolae_shop_just_a_little_nook,
          uniq_crazy_yiuf_cottage, uniq_edmund, uniq_menkaure

Skill      XL: |  1  2  3  4 |
---------------+-------------+-----
Armour         | 4 |  4.5
Shields        | 4 |  4.4
Maces & Flails | 3 5 |  5.0
Dodging        | 1 |  1.9
Fighting       | 4 |  4.3

Action                     |  1- 3 |  4- 6 || total
---------------------------+-------+-------++-------
  Melee: Flail             |    85 |    54 ||   139
         Headbutt          |     8 |     8 ||    16
    Use: Scroll            |     3 |     3 ||     6
         Potion            |       |     1 ||     1
 Armour: Scale mail        |    74 |    41 ||   115
  Dodge: Dodged            |    52 |    31 ||    83
  Block: Buckler           |    31 |    14 ||    45
